 Dungeon Crawl Stone Soup version 0.21.1-1-g345015fe64 (webtiles) character file.

1801 harmitage the Gouger (level 8, -3/54 HPs)
             Began as a Felid Berserker on May 5, 2018.
             Was an Elder of Trog.
             Slain by a killer bee (8 damage)
             ... on level 8 of the Dungeon.
             The game lasted 00:17:56 (6106 turns).

harmitage the Gouger (Felid Berserker)              Turns: 6106, Time: 00:17:57

Health: -3/54      AC:  2    Str: 18    XL:     8   Next: 83%
Magic:  9/9        EV: 24    Int:  8    God:    Trog [****..]
Gold:   358        SH:  0    Dex: 19    Spells: 7/7 levels left
                                        Lives:  0   Deaths: 2

rFire    . . .     SeeInvis +     - Unarmed
rCold    . . .     Gourm    .   (shield unavailable)
rNeg     + . .     Faith    .   (armour unavailable)
rPois    +         Spirit   .   (helmet unavailable)
rElec    .         Reflect  .   (cloak unavailable)
rCorr    .         Harm     .   (gloves unavailable)
MR       +++..                  (boots unavailable)
Stlth    ..........             (no amulet)
HPRegen  1.18/turn              e - ring of positive energy
MPRegen  0.11/turn              c - ring of poison resistance

@: berserking, lethally poisoned (-3 -> -3), regenerating, very quick
A: very small, no armour, no weapons or thrown items, stealth, claws 1, fangs 3,
see invisible, carnivore, speed 1, shaggy fur 2, slow metabolism 1, sharp paws
a: Berserk, Trog's Hand, Brothers in Arms, Burn Spellbooks, Renounce Religion


You were on level 8 of the Dungeon.
You worshipped Trog.
Trog was greatly pleased with you.
You were not hungry.

You visited 2 branches of the dungeon, and saw 9 of its levels.

You collected 358 gold pieces.

Inventory:

Jewellery
 c - a ring of poison resistance (right paw)
 e - a ring of positive energy (left paw)
 y - a cursed amulet of inaccuracy {unknown}
Wands
 h - a wand of iceblast (9)
 o - a wand of scattershot (5)
Scrolls
 b - 4 scrolls of teleportation
 d - a scroll of fear {unknown}
 f - 7 scrolls of remove curse
 i - a scroll of noise {unknown}
 m - 2 scrolls of blinking
 n - a scroll of random uselessness {unknown}
 p - a scroll of silence {unknown}
 t - a scroll of immolation {unknown}
 w - a scroll of magic mapping {unknown}
Potions
 j - 3 potions of resistance
 k - 3 potions of curing
 l - a potion of lignification
 q - a potion of cancellation
 r - a potion of flight
 s - a potion of invisibility
 u - a potion of haste
 z - a potion of degeneration {unknown}
Comestibles
 a - 14 rations


   Skills:
 + Level 3.8 Fighting
 + Level 8.0 Dodging
 + Level 5.3 Stealth
 * Level 12.2 Unarmed Combat


You had 7 spell levels left.
You didn't know any spells.

Dungeon Overview and Level Annotations

Branches:
Dungeon (8/15)             Temple (1/1) D:4
   Lair: D:8-11

Altars:
Ashenzari
Cheibriados
Dithmenos
Elyvilon
Fedhas
Gozag
Hepliaklqana
Kikubaaqudgha
Makhleb
Nemelex Xobeh
Okawaru
Qazlal
Ru
Sif Muna
Trog
Uskayaw
Vehumet
Wu Jian
Xom
Yredelemnul
Zin
The Shining One

Shops:
D:6 %!


Innate Abilities, Weirdness & Mutations

You cannot wear armour.
You are incapable of wielding weapons or throwing items.
Your paws allow you to move quietly. (Stealth)
You have sharp claws.
You have razor-sharp teeth.
You have supernaturally acute eyesight. (SInv)
You are carnivorous and can eat meat at any time.
You cover ground quickly.
You are covered in thick fur. (AC +2)
You have a slow metabolism.
Your sharp claws are effective at attacking unaware monsters.


Message History

The killer bee completely misses you. The killer bee closely misses you.
The killer bee stings you.
* * * LOW HITPOINT WARNING * * *
The killer bee closely misses you. The killer bee barely misses you.
You are too berserk!
You mangle the killer bee!!
You feel the power of Trog in you as your rage grows.
You kill the killer bee!
Trog accepts your kill. The killer bee completely misses you.
The killer bee misses you. x2
The killer bee closely misses you.
A killer bee comes into view.
You closely miss the killer bee zombie.
You feel sick.
The killer bee buzzes angrily.
The killer bee closely misses you. The killer bee misses you. x2
The killer bee zombie misses you. The killer bee misses you.
You claw the killer bee zombie!
The killer bee zombie is moderately damaged.
The killer bee completely misses you. x3; The killer bee stings you!
You die...

♣♣.#######.###
♣............
♣♣....####.###
♣..#..# #.# #..#..#
#.# ♣♣#..#..####.#
# ♣♣.♣♣..#.....#.#
##y♣yy♣.♣.#.###.#.#
#.yy@♣♣♣♣.#.# #.#.#
♣..yy♣Z♣♣♣.#.# #.#
♣....♣..♣..♣.#.#
#.# .[y.
♣♣.♣.♣..#.###.# y.♣
♣♣.....#.....# ♣
♣....#.#.#######
..........
..##........ #
.....#####


You could see 9 killer bees and a killer bee zombie.

Vanquished Creatures
  Pikel (D:5)
  The ghost of Dickchan the Grappler, a novice DrTm (D:6)
  Psyche (D:8)
  Grinder (D:6)
  Sigmund (D:2)
  2 orc warriors
  An ice beast (D:6)
  2 sky beasts
  A slave (D:5)
  A centaur (D:7)
  2 necrophages (D:6)
  A big kobold (D:8)
  2 bullfrogs
  A scorpion (D:4)
  3 killer bees (D:8)
  A crimson imp (D:6)
  6 hounds
  2 orc priests
  4 orc wizards
  Terence (D:2)
  An iguana (D:4)
  4 worker ants
  A hound skeleton (D:4)
  3 gnolls (D:6)
  8 adders
  4 oozes
  An adder skeleton (D:4)
  An adder zombie (D:5)
  12 worms
  2 dart slugs
  6 leopard geckos
  28 orcs
  2 ball pythons
  2 giant cockroaches
  10 goblins
  8 hobgoblins
  3 jackals (D:4)
  12 kobolds
  7 quokkas
  7 bats
  10 frilled lizards
  A giant cockroach zombie (D:6)
  A jackal skeleton (D:3)
  A leopard gecko zombie (D:7)
  7 rats
177 creatures vanquished.

Vanquished Creatures (others)
  A shadow imp (D:7)
  A kobold (D:8)
  A leopard gecko zombie (D:7)
3 creatures vanquished.

Grand Total: 180 creatures vanquished

Notes
Turn   | Place    | Note
-------+----------+-------------------------------------------
     0 | D:1      | harmitage the Felid Berserker began the quest for the Orb.
     0 | D:1      | Reached XP level 1. HP: 10/10 MP: 2/2
   316 | D:1      | Reached XP level 2. HP: 4/14 MP: 3/3
   899 | D:1      | Reached XP level 3. HP: 17/17 MP: 4/4
  1028 | D:2      | Reached ** piety under Trog
  1030 | D:2      | Noticed Terence
  1037 | D:2      | Noticed Sigmund
  1041 | D:2      | Killed Terence
  1041 | D:2      | Reached skill level 4 in Unarmed Combat
  1041 | D:2      | Reached XP level 4. HP: 20/21 MP: 5/5
  1062 | D:2      | Killed from afar by Sigmund
  1063 | D:2      | Reached XP level 3. HP: -5/17 MP: 4/4
  1086 | D:2      | Killed Sigmund
  1086 | D:2      | Reached skill level 5 in Dodging
  1086 | D:2      | Reached skill level 1 in Stealth
  1086 | D:2      | Reached skill level 5 in Unarmed Combat
  1086 | D:2      | Reached XP level 4. HP: 21/21 MP: 5/5
  1086 | D:2      | Reached XP level 5. HP: 24/24 MP: 6/6
  1335 | D:2      | Found a radiant altar of Vehumet.
  1349 | D:2      | Identified Vehumet's Incunabulum of Damage Dealing
  1352 | D:2      | Found an ancient bone altar of Kikubaaqudgha.
  1353 | D:2      | Found a deep blue altar of Sif Muna.
  1733 | D:3      | Reached skill level 6 in Unarmed Combat
  1752 | D:3      | Gained mutation: You are covered in thick fur. (AC +2) [Felid growth]
  1752 | D:3      | Reached XP level 6. HP: 14/28 MP: 7/7
  1958 | D:3      | Reached *** piety under Trog
  2035 | D:4      | Noticed an orc warrior
  2049 | D:4      | Killed an orc warrior
  2232 | D:4      | Reached skill level 7 in Unarmed Combat
  2255 | D:4      | Found an opulent altar of Gozag.
  2279 | D:4      | Reached XP level 7. HP: 16/31 MP: 8/8
  2391 | D:4      | Found a staircase to the Ecumenical Temple.
  2502 | D:4      | Found a blossoming altar of Fedhas.
  2502 | D:4      | Found a shattered altar of Ashenzari.
  2503 | D:4      | Found an ornate altar of the Wu Jian Council.
  2923 | Temple   | Entered the Ecumenical Temple
  3187 | D:5      | Entered Level 5 of the Dungeon
  3202 | D:5      | Noticed Pikel
  3213 | D:5      | Killed Pikel
  3213 | D:5      | Reached skill level 8 in Unarmed Combat
  3213 | D:5      | Reached XP level 8. HP: 34/34 MP: 9/9
  3308 | D:5      | Reached skill level 9 in Unarmed Combat
  4453 | D:6      | Noticed Dickchan's ghost (novice DrTm)
  4467 | D:6      | Killed Dickchan's ghost
  4467 | D:6      | Reached skill level 10 in Unarmed Combat
  4483 | D:6      | Noticed Grinder
  4495 | D:6      | Paralysed by Grinder for 3 turns
  4514 | D:6      | Killed Grinder
  4514 | D:6      | Reached XP level 9. HP: 34/39 MP: 10/10
  4690 | D:6      | Found Xuevvodd's Food Shoppe.
  4698 | D:6      | Reached skill level 11 in Unarmed Combat
  4824 | D:6      | Reached **** piety under Trog
  5231 | D:6      | Found Moameo's Distillery.
  5984 | D:8      | Noticed Psyche
  5999 | D:8      | HP: 2/52 [Psyche/dagger of chaos (2)]
  6000 | D:8      | Killed Psyche
  6000 | D:8      | Reached skill level 12 in Unarmed Combat
  6024 | D:8      | Killed from afar by a steam dragon
  6025 | D:8      | Reached XP level 8. HP: 0/32 MP: 9/9
  6094 | D:8      | Reached skill level 5 in Stealth
  6106 | D:8      | Slain by a killer bee

Skill      XL: |  1  2  3  4  5  6  7  8  9 |
---------------+----------------------------+-----
Unarmed Combat | 5 6 7 8 10 12 | 12.2
Dodging        | 5 6 7 8 |  8.0
Stealth        | 1 2 5 |  5.3
Fighting       | |  3.8

Action                   |  1- 3 |  4- 6 |  7- 9 || total
-------------------------+-------+-------+-------++-------
Melee: Unarmed           |    88 |   160 |   241 ||   489
       Bite              |     9 |    21 |    27 ||    57
       Punch             |     1 |     5 |     8 ||    14
Invok: Berserk           |     4 |     3 |    10 ||    17
       Trog's Hand       |     2 |     3 |    10 ||    15
       Burn Spellbooks   |       |     1 |       ||     1
  Use: Scroll            |     2 |     4 |     9 ||    15
       Potion            |       |       |     1 ||     1
 Stab: Sleeping          |       |     3 |     9 ||    12
       Distracted        |       |       |     1 ||     1
  Eat: Chunk             |    13 |     9 |    17 ||    39
Armor: Skin              |     5 |     9 |     6 ||    20
Dodge: Dodged            |    71 |   158 |   207 ||   436
